 Dungeon Crawl Stone Soup version 0.31-a0-963-ga325b2283a (webtiles) character file.

Game seed: 11783184933856829860

14284 Fodor the Cleaver (level 11, -41/101 HPs)
             Began as a Minotaur Fighter on Oct 24, 2023.
             Was an Initiate of Gozag.
             Annihilated by an enormous slime creature (46 damage)
             ... on level 12 of the Dungeon.
             The game lasted 01:05:08 (12749 turns).

Fodor the Cleaver (Minotaur Fighter)               Turns: 12749, Time: 01:05:09

Health: -41/101    AC: 27    Str: 26    XL:     11   Next: 86%
Magic:  10/10      EV: 10    Int:  5    God:    Gozag
Gold:   464        SH:  5    Dex: 11    Spells: 10/10 levels left

rFire   . . .        o - +0 war axe (heavy)
rCold   . . .        c - +0 buckler
rNeg    . . .        F - +5 chain mail of Mics {Drain Str+2 Slay+3 Stlth+}
rPois   .            (helmet restricted)
rElec   .            E - +0 cloak
rCorr   .            h - +0 pair of gloves
SInv    .            p - +2 pair of boots
Will    +....        (no amulet) Stlth
                     k - +4 ring of protection
HPRegen 0.36/turn    D - ring of willpower
MPRegen 0.12/turn

%: no passive effects
@: no status effects
A: horns 2, retaliatory headbutt
a: Renounce Religion, Potion Petition, Call Merchant, Bribe Branch


You were on level 12 of the Dungeon.
You worshipped Gozag.
Gozag was aware of your devotion.
You visited 2 branches of the dungeon, and saw 13 of its levels.
You also visited: Ossuary.

You collected 1727 gold pieces.
You spent 1121 gold pieces at shops.
You paid 142 gold pieces to Gozag.

Inventory:

Hand Weapons
 o - a +0 heavy war axe (weapon)
 y - a +0 arbalest
 K - a +0 vampiric morningstar
 N - a +3 spectral battleaxe
 P - a +4 great sword
Missiles
 t - 2 atropa-tipped darts
 u - 36 poisoned darts (quivered)
 O - 6 javelins
Armour
 c - a +0 buckler (worn)
 h - a +0 pair of gloves (worn)
 p - a +2 pair of boots (worn)
 E - a +0 cloak (worn)
 F - the +5 chain mail of Mics (worn) {Drain Str+2 Slay+3 Stlth+}
   (You bought it in a shop on level 6 of the Dungeon)

   Str+2:     It affects your strength (+2).
   Slay+3:    It affects your accuracy & damage with ranged weapons and melee
   (+3).
   Drain:     It drains your maximum health when unequipped.
   Stlth+:    It makes you more stealthy.
Jewellery
 j - an amulet of faith
 k - a +4 ring of protection (left hand)
 D - a ring of willpower (right hand)
 I - an amulet of magic regeneration
Talismans
 l - a serpent talisman
 s - a flux talisman
Wands
 m - a wand of acid (15)
 G - a wand of polymorph (10)
 L - a wand of paralysis (8)
 R - a wand of mindburst (5)
Scrolls
 a - a scroll of revelation
 b - 9 scrolls of teleportation
 f - 3 scrolls of blinking
 g - 2 scrolls of fear
 q - 3 scrolls of enchant armour
 v - 3 scrolls of fog
 w - a scroll of silence
 x - a scroll of immolation
 H - a scroll of poison
 J - a scroll of brand weapon
 S - a scroll of amnesia {unknown}
Potions
 d - 3 potions of might
 e - 5 potions of heal wounds
 i - 2 potions of lignification {unknown}
 n - 5 potions of haste
 r - a potion of mutation {unknown}
 z - 3 potions of brilliance {unknown}
 A - 5 potions of curing
 B - 2 potions of magic {unknown}
 C - a potion of resistance {unknown}
 M - 4 potions of attraction {unknown}
 Q - a potion of enlightenment {unknown}


   Skills:
 + Level 10.6 Fighting
 + Level 14.9(15.2) Axes
 + Level 5.0(10.9) Maces & Flails
 + Level 0.7 Throwing
 + Level 10.9 Armour
 + Level 4.0 Dodging
 + Level 2.3 Stealth
 + Level 7.9 Shields


You had 10 spell levels left.
You didn't know any spells.
Your spell library contained the following spells:

 Spells                   Type           Power      Damage    Failure   Level
 Kiss of Death            Conj/Necr      0%         2d5       92%         1
 Magic Dart               Conj           0%         1d3       92%         1
 Sting                    Tmut/Pois      0%         1d3       92%         1
 Poisonous Vapours        Pois/Air       0%         N/A       98%         2
 Searing Ray              Conj           0%         2d4       98%         2
 Sublimation of Blood     Necr           0%         N/A       98%         2
 Wereblood                Tmut           0%         N/A       98%         2
 Confusing Touch          Hex            0%         N/A       100%        3
 Dazzling Flash           Conj/Hex       0%         N/A       100%        3
 Summon Guardian Golem    Hex/Summ       0%         N/A       100%        3
 Volatile Blastmotes      Fire/Tloc      0%         2d10      100%        3
 Dispel Undead            Necr           0%         3d6       100%        4
 Fulminant Prism          Conj/Hex       0%         3d5       100%        4
 Olgreb's Toxic Radiance  Pois           0%         N/A       100%        4
 Starburst                Conj/Fire      0%         6d3       100%        6
 Orb of Destruction       Conj           0%         9d5       100%        7
 Spellforged Servitor     Conj/Summ      0%         N/A       100%        7
 Summon Hydra             Summ           0%         N/A       100%        7
 Maxwell's Capacitive Co  Air            0%         ∞         100%        8


Dungeon Overview and Level Annotations

Branches:
Dungeon (12/15)            Temple (1/1) D:7            Lair (0/5) D:8
    Orc (0/2) D:12        Ossuary (visited)

Altars:
Ashenzari
Cheibriados
Dithmenos
Elyvilon
Fedhas
Gozag
Hepliaklqana
Kikubaaqudgha
Makhleb
Nemelex Xobeh
Okawaru
Qazlal
Ru
Sif Muna
Trog
Uskayaw
Vehumet
Wu Jian
Xom
Yredelemnul
Zin
The Shining One

Shops:
D:1 ?   D:6 [?:[

Annotations:
D:7 1 runed translucent door, Crazy Yiuf


Innate Abilities, Weirdness & Mutations

You have a pair of horns on your head.
You reflexively headbutt those who attack you in melee.


Message History

A slime creature comes into view.
The slime creature quivers.
A slime creature comes into view.
The slime creature quivers.
A slime creature comes into view.
The slime creature quivers.
A slime creature comes into view.
The slime creature quivers.
The slime creature hits you but does no damage.
You slice the slime creature!!
The slime creature is moderately wounded.
The slime creature hits you but does no damage.
Two slime creatures merge to form a large slime creature.
You barely miss the large slime creature.
The large slime creature is lightly wounded.
You slash the large slime creature!
The large slime creature is moderately wounded.
The large slime creature hits you!!
Two slime creatures merge to form a very large slime creature.
You slice the very large slime creature!!
The very large slime creature is moderately wounded.
You slice the very large slime creature!!
The very large slime creature is heavily wounded.
Two slime creatures merge to form an enormous slime creature.
You cut the enormous slime creature into ribbons!!!
The enormous slime creature is heavily wounded.
You slice the enormous slime creature!!
You headbutt the enormous slime creature.
The enormous slime creature is severely wounded.
The enormous slime creature hits you!!!!
Ouch! That really hurt!
* * * LOW HITPOINT WARNING * * *
You slash the enormous slime creature!
The enormous slime creature is severely wounded.
The enormous slime creature barely misses you.
You hit the enormous slime creature.
The enormous slime creature is severely wounded.
The enormous slime creature hits you!!!
You die...
Your body crumbles into a pile of gold.

#.# #<# #.#.# #.# #.# #.#
# #.# #.# #.# #.# #.# #.#
#.# ####.## #.#
###.###.####........ #.#
.............# #..# #.#
.......#####.# #..## #.#
###.##.#
###.####...######.#
#............J@..........#
###############...########
#####


You could see an enormous slime creature.

Vanquished Creatures
  A boulder beetle (D:12)
  Erica (D:8)
  A two-headed ogre (D:10)
  A death knight (D:12)
  2 cyclopes
  An ugly thing (D:11)
  2 freezing wraiths (D:12)
  3 kobold demonologists (D:10)
  3 trolls
  2 vampires (D:11)
  3 wraiths
  A wyvern (D:8)
  18 yaks
  A basilisk (D:11)
  A vampire mosquito (D:6)
  Menkaure (D:7)
  A water moccasin (D:8)
  3 sky beasts
  A black bear (D:5)
  4 ice beasts
  2 orc warriors
  2 ogres
  5 centaurs
  A phantom (D:5)
  7 kobold brigands
  3 bullfrogs
  6 scorpions
  11 wights
  9 killer bees
  A centaur zombie (Ossuary)
  3 hounds
  2 human zombies (Ossuary)
  A gnoll bouda (D:7)
  6 jellies
  Terence (D:2)
  6 orc priests
  5 iguanas
  7 orc wizards
  5 mummies (Ossuary)
  6 adders
  5 gnolls (D:7)
  A shadow imp (D:7)
  2 white imps
  2 ufetubi (D:7)
  2 worms (D:2)
  4 dart slugs
  22 orcs
  6 ball pythons
  4 endoplasms
  4 giant cockroaches
  5 goblins
  5 hobgoblins
  7 jackals
  2 quokkas
  3 bats
  3 frilled lizards
  A goblin zombie (Ossuary)
  A hobgoblin zombie (Ossuary)
  19 kobolds
  An orc zombie (Ossuary)
  5 rats
244 creatures vanquished.

Vanquished Creatures (others)
  An unseen horror (D:11)
1 creature vanquished.

Grand Total: 245 creatures vanquished

Notes
Turn   | Place    | Note
-------+----------+-------------------------------------------
     0 | D:1      | Fodor the Minotaur Fighter began the quest for the Orb.
     0 | D:1      | Reached XP level 1. HP: 19/19 MP: 0/0
   246 | D:1      | Reached XP level 2. HP: 25/27 MP: 1/1
   254 | D:1      | Found Jaado's Magic Scroll Emporium.
   287 | D:1      | Bought a scroll of identify for 28 gold pieces
   558 | D:2      | Reached XP level 3. HP: 33/33 MP: 2/2
   634 | D:2      | Found a faded altar of an unknown god.
   640 | D:2      | Noticed Terence
   660 | D:2      | Killed Terence
   661 | D:2      | Reached skill level 3 in Axes
   661 | D:2      | Reached XP level 4. HP: 30/41 MP: 3/3
  1090 | D:3      | Found a hazy altar of Hepliaklqana.
  1644 | D:3      | Found a blossoming altar of Fedhas.
  1960 | D:4      | Reached XP level 5. HP: 42/47 MP: 4/4
  1993 | D:4      | Found a sand-covered staircase.
  1998 | Ossuary  | Entered an ossuary
  2051 | Ossuary  | Reached skill level 4 in Axes
  2086 | Ossuary  | Reached skill level 5 in Armour
  2090 | Ossuary  | Reached skill level 5 in Fighting
  2340 | Ossuary  | Reached XP level 6. HP: 53/56 MP: 5/5
  3162 | D:4      | Found a sparkling altar of Nemelex Xobeh.
  3465 | D:4      | Reached skill level 5 in Axes
  3526 | D:4      | Reached skill level 1 in Dodging
  3594 | D:4      | Reached XP level 7. HP: 30/61 MP: 6/6
  3652 | D:4      | Found a broken altar of Ashenzari.
  3838 | D:5      | Entered Level 5 of the Dungeon
  3914 | D:5      | Reached skill level 6 in Axes
  4140 | D:5      | Reached skill level 7 in Axes
  4146 | D:5      | Reached XP level 8. HP: 29/70 MP: 7/7
  4410 | D:5      | Reached skill level 5 in Shields
  4543 | D:5      | Reached skill level 8 in Axes
  5069 | D:6      | Found Birghiwk's Armour Boutique.
  5107 | D:6      | Found Wasongy's Book Shoppe.
  5131 | D:6      | Reached skill level 9 in Axes
  5131 | D:6      | Reached skill level 1 in Stealth
  5327 | D:6      | Found Ahittuq's Magic Scroll Emporium.
  5462 | D:6      | Found Ekkuock's Armour Shoppe.
  5526 | D:6      | Reached XP level 9. HP: 73/78 MP: 8/8
  6030 | D:7      | Noticed Menkaure
  6039 | D:7      | Killed Menkaure
  6040 | D:7      | Reached skill level 10 in Axes
  6284 | D:7      | Found a runed translucent door.
  6285 | D:7      | Noticed Crazy Yiuf
  6324 | D:7      | Found a snail-covered altar of Cheibriados.
  6556 | D:7      | Found a staircase to the Ecumenical Temple.
  6590 | Temple   | Entered the Ecumenical Temple
  6596 | Temple   | Became a worshipper of Gozag Ym Sagoz the Greedy
  6668 | D:7      | Reached skill level 11 in Axes
  7352 | D:8      | Reached skill level 1 in Maces & Flails
  7481 | D:8      | Reached XP level 10. HP: 64/88 MP: 9/9
  7618 | D:8      | Found a staircase to the Lair.
  7620 | D:8      | Found a radiant altar of Vehumet.
  7622 | D:8      | Found a hide-covered altar of Uskayaw.
  7627 | D:8      | Noticed Erica
  7650 | D:8      | Killed Erica
  8237 | D:1      | Bought a scroll of revelation for 105 gold pieces
  8237 | D:1      | Bought a scroll of brand weapon for 133 gold pieces
  8237 | D:1      | Bought a scroll of teleportation for 42 gold pieces
  8237 | D:1      | Bought 2 scrolls of identify for 56 gold pieces
  9435 | D:9      | Reached skill level 12 in Axes
  9435 | D:9      | Reached skill level 5 in Maces & Flails
  9923 | D:9      | Reached skill level 13 in Axes
  9998 | D:9      | Found a stormy altar of Qazlal.
 10053 | D:9      | Found an ancient bone altar of Kikubaaqudgha.
 10072 | D:9      | Found an iron altar of Okawaru.
 10304 | D:10     | Entered Level 10 of the Dungeon
 10307 | D:10     | Noticed a rust devil
 10313 | D:10     | Noticed a smoke demon
 10321 | D:10     | Reached XP level 11. HP: 92/97 MP: 10/10
 10554 | D:10     | Found a glowing silver altar of Zin.
 10554 | D:10     | Found a glowing golden altar of the Shining One.
 10554 | D:10     | Found a white marble altar of Elyvilon.
 10589 | D:10     | Reached skill level 10 in Armour
 10783 | D:10     | Noticed a two-headed ogre
 10795 | D:10     | Killed a two-headed ogre
 11099 | D:6      | Bought the +5 chain mail of Mics {Drain Str+2 Slay+3
                  | Stlth+} for 757 gold pieces
 11582 | D:11     | Reached skill level 14 in Axes
 11660 | D:11     | Noticed a green ugly thing
 11668 | D:11     | Killed a green ugly thing
 11780 | D:11     | Reached skill level 10 in Fighting
 11958 | D:12     | Noticed a death knight
 11972 | D:12     | Killed a death knight
 12405 | D:12     | Noticed a boulder beetle
 12412 | D:12     | Killed a boulder beetle
 12470 | D:12     | Found a staircase to the Orcish Mines.
 12747 | D:12     | HP: 5/101 [enormous slime creature (72)]
 12749 | D:12     | Annihilated by an enormous slime creature

Illustrated notes

Levels and vault maps discovered:
D:1:      erik_arrival_triangle_small, layout_rooms, serial_shops,
          nicolae_shop_crystal
D:2:      layout_basic, ebering_ecumenical_altar_mist, uniq_terence
D:3:      layout_basic, nicolae_hepliaklqana_hazy_memory,
          mainiacjoe_overflow_24_doors, kennysheep_another_room
D:4:      layout_basic, nemelex_spade_bored_becter, cheibrodos_ashenzari_chains,
          nicolae_ossuary_entry_false_entrances, roderic_serpentine_path,
          minmay_quantized
D:5:      layout_basic
D:6:      layout_rooms, serial_shops, nicolae_shop_waterfront, shop, shop,
          shop_statue, hangedman_decor_growths, minmay_microvault
D:7:      layout_basic, kennysheep_slug_shrine, minmay_temple_entry_steel_oval,
          uniq_menkaure, uniq_crazy_yiuf_cottage
D:8:      layout_basic, chequers_temple_overflow_statue_of_worship,
          lair_entry_dummy, uniq_erica
D:9:      layout_basic, nicolae_overflow_hidden_temple, kennysheep_path_1
D:10:     layout_roguey, dreamdust_divine_triumvirate
D:11:     layout_basic
D:12:     layout_loops_ring, david_orc_3
Temple:   chequers_temple_sunken

Skill      XL: |  1  2  3  4  5  6  7  8  9 10 11 |
---------------+----------------------------------+-----
Armour         | 4 5 6 7 8 9 10 | 10.9
Fighting       | 4 5 6 8 9 10 | 10.6
Shields        | 4 5 6 7 |  7.9
Axes           | 3 4 5 7 9 11 13 14 | 14.9
Dodging        | 1 2 3 4 |  4.0
Stealth        | 1 2 |  2.3
Maces & Flails | 1 5 |  5.0
Throwing       | |  0.7

Action                     |  1- 3 |  4- 6 |  7- 9 | 10-12 || total
---------------------------+-------+-------+-------+-------++-------
  Melee: War axe           |    65 |   133 |   250 |   177 ||   625
         Headbutt          |     9 |    27 |    42 |    47 ||   125
         Morningstar       |       |       |    37 |    21 ||    58
         Battleaxe         |       |       |       |    26 ||    26
  Throw: Dart              |       |       |     3 |       ||     3
    Use: Potion            |       |     5 |       |     1 ||     6
         Scroll            |       |       |     6 |    10 ||    16
   Stab: Distracted        |       |       |       |     2 ||     2
 Armour: Scale mail        |    61 |       |       |       ||    61
         Chain mail        |       |   110 |   258 |   268 ||   636
  Dodge: Dodged            |    41 |    58 |   128 |   111 ||   338
  Block: Buckler           |    17 |    25 |    56 |    65 ||   163

Table legend: (Time is in decaauts)
 A = Elapsed time spent in this place.
 B = Non-inter-level travel time spent in this place.
 C = Inter-level travel time spent in this place.
 D = Time resting spent in this place.
 E = Time spent auto-exploring this place.
 F = Levels seen in this place.
 G = Mean time per level.
                   A        B        C        D        E       F      G
               +--------+--------+--------+--------+--------+-----+--------+
         Total |  12930 |  11910 |   1020 |   2458 |      0 |  14 |  923.6 |
       Dungeon |  12525 |  11505 |   1020 |   2339 |      0 |  12 | 1043.8 |
        Temple |     14 |     14 |      0 |      0 |      0 |   1 |   14.0 |
       Ossuary |    390 |    390 |      0 |    119 |      0 |   1 |  390.0 |
               +--------+--------+--------+--------+--------+-----+--------+

Top non-repeatable levels by time:
     D:8: 1788 daAuts
     D:4: 1634 daAuts
     D:9: 1554 daAuts
     D:5: 1272 daAuts
     D:3: 1031 daAuts
    D:10: 1027 daAuts
     D:7: 939 daAuts
     D:6: 916 daAuts
    D:12: 843 daAuts
     D:1: 567 daAuts
     D:2: 535 daAuts
    D:11: 415 daAuts
 Ossuary: 390 daAuts
  Temple: 14 daAuts
